 Dungeon Crawl Stone Soup version 0.31-a0-233-g139696dc86 (webtiles) character file.

Game seed: 7116612745600726935

51 qw the Shooter (level 3, -8/22 HPs)
             Began as a Gargoyle Hexslinger on July 8, 2023.
             Blown up by Ijyb (18 damage)
             ... with a mindburst bolt
             ... on level 2 of the Dungeon.
             The game lasted 00:00:23 (811 turns).

qw the Shooter (Gargoyle Hexslinger)                 Turns: 811, Time: 00:00:24

Health: -8/22      AC:  5    Str: 11    XL:     3   Next: 81%
Magic:  4/4        EV: 12    Int: 13    God:
Gold:   68         SH:  0    Dex: 14    Spells: 3/4 levels left

rFire   . . .        Y - +1 sling
rCold   . . .        (no shield)
rNeg    + . .        c - +0 robe
rPois   inf          (no helmet)
rElec   +            (no cloak)
rCorr   +            (no gloves)
SInv    .            (no boots)
Will    .....        (no amulet)
Stlth   +            f - ring of resist corrosion
HPRegen 0.23/turn    (no ring)
MPRegen 0.09/turn

%: no passive effects
@: no status effects
A: sickness immunity, AC +3, negative energy resistance 1, electricity
resistance, torment resistance 1, petrification resistance
a: no special abilities


You were on level 2 of the Dungeon.
You visited 1 branch of the dungeon, and saw 2 of its levels.

You collected 68 gold pieces.


Innate Abilities, Weirdness & Mutations

You are immune to sickness and miasma.
Your stone body is resilient. (AC +3)
You are immune to poison.
You resist negative energy. (rN+)
You are resistant to electric shocks. (rElec)
You are resistant to unholy torment.
You are immune to petrification.


   Skills:
 - Level 2.3 Fighting
 + Level 3.4 Ranged Weapons
 - Level 1.5 Dodging
 - Level 1.0 Spellcasting
 - Level 2.6 Hexes


You had 3 spell levels left.
You knew the following spells:

 Your Spells              Type           Power      Damage    Failure   Level
a - Slow                  Hex            28%        N/A       10%         1

Your spell library contained the following spells:

 Spells                   Type           Power      Damage    Failure   Level
 Inner Flame              Hex/Fire       4%         N/A       43%         3
 Portal Projectile        Hex/Tloc       8%         N/A       43%         3
 Cause Fear               Hex            3%         N/A       67%         4

Inventory:

Hand Weapons
 Y - a +1 sling (weapon)
Armour
 c - a +0 robe (worn)
Jewellery
 b - a +4 ring of protection
 f - a ring of resist corrosion (left hand)
Scrolls
 a - 2 scrolls of teleportation
Potions
 d - a potion of curing
 h - a potion of ambrosia {unknown}
 i - a potion of cancellation {unknown}
 j - a potion of heal wounds {unknown}
 k - a potion of enlightenment {unknown}

Dungeon Overview and Level Annotations

Branches:
Dungeon (2/15)

Altars:

Annotations:
D:2 Ijyb


Message History

The goblin is severely wounded.
The goblin closely misses you. The goblin completely misses you.
You shoot a sling bullet.
The sling bullet closely misses the goblin.
The sling bullet barely misses the goblin.
The sling bullet hits the goblin.
The goblin is almost dead.
The goblin hits you but does no damage. x2
You shoot a sling bullet.
The sling bullet barely misses the goblin. x2
The sling bullet hits the goblin.
You kill the goblin!
The goblin barely misses you. x2
You shoot a sling bullet. The sling bullet hits the goblin.
You kill the goblin!
The goblin completely misses you.
You shoot a sling bullet. The sling bullet hits the goblin.
You kill the goblin!
The goblin closely misses you. The goblin barely misses you.
You shoot a sling bullet. The sling bullet misses the goblin.
The goblin barely misses you.
You shoot a sling bullet. The sling bullet hits the goblin.
You kill the goblin!
You shoot a sling bullet. The sling bullet barely misses Ijyb.
Ijyb zaps a wand.
You barely resist. You shoot a sling bullet.
The sling bullet hits Ijyb but does no damage.
You shoot a sling bullet. The sling bullet barely misses Ijyb.
Ijyb hits you with a +1 dagger of holy wrath.
You shoot a sling bullet.
The sling bullet hits Ijyb but does no damage.
Ijyb barely misses you.
You shoot a sling bullet. The sling bullet barely misses Ijyb.
Ijyb screams, "It's all mine!"
Ijyb barely misses you.
Ijyb zaps a wand.
Your mind is blasted!
You shoot a sling bullet. The sling bullet hits Ijyb.
Ijyb is moderately wounded.
Ijyb zaps a wand.
Your mind is blasted!
Ouch! That really hurt!
You die...

.######## #...#
.##.....#####...#####.
....###...............
.#..# #...%..........
.#..###..............
.#......#####.>.#####
##.###### #...# #.#
#...## #.# #..)@# #.#
####g# 8.# ..). .....#
......# .......#
........#


You could see Ijyb.

Vanquished Creatures
  A gnoll (D:1)
  An adder (D:1)
  4 endoplasms (D:1)
  2 giant cockroaches (D:1)
  10 goblins
  3 hobgoblins (D:1)
  3 kobolds (D:1)
  3 ball pythons
  A frilled lizard (D:1)
  A rat (D:1)
29 creatures vanquished.

Notes
Turn   | Place    | Note
-------+----------+-------------------------------------------
     0 | D:1      | qw the Gargoyle Hexslinger began the quest for the Orb.
     0 | D:1      | Reached XP level 1. HP: 12/12 MP: 2/2
     0 | D:1      | 0 ||| qw: Version: 0.3-a-46-gb1f654a
     0 | D:1      | 0 ||| qw: Game counter: 3768
     0 | D:1      | 0 ||| qw: Melee chars always use a shield: true
     0 | D:1      | 0 ||| qw: God list: Okawaru
     0 | D:1      | 0 ||| qw: Allow faded altars: false
     0 | D:1      | 0 ||| qw: Do Orc after clearing Dungeon:15 true
     0 | D:1      | 0 ||| qw: Do second Lair branch before Depths: true
     0 | D:1      | 0 ||| qw: Lair rune preference: random
     0 | D:1      | 0 ||| qw: Goals: Normal
     0 | D:1      | 0 ||| PLANNING D:1-11
   169 | D:1      | Reached XP level 2. HP: 16/16 MP: 3/3
   225 | D:1      | Reached skill level 3 in Ranged Weapons
   502 | D:1      | Reached XP level 3. HP: 22/22 MP: 4/4
   671 | D:1      | 671 ||| UPGRADING to ring of resist corrosion.
   672 | D:1      | 672 ||| READING 3 scrolls labelled FOSTUNWOWN.
   676 | D:1      | 676 ||| READING scroll labelled FAEPTACLAVE.
   677 | D:1      | 677 ||| DRINKING 2 bubbling orange potions.
   678 | D:1      | 678 ||| DROPPING scroll of poison.
   695 | D:2      | 695 ||| STAIRDANCE
   724 | D:2      | 724 ||| STAIRDANCE
   786 | D:2      | Noticed Ijyb
   788 | D:2      | 788 ||| Stepping ~*~*~tactically~*~*~ (outnumbered).
   811 | D:2      | Blown up by Ijyb

Levels and vault maps discovered:
D:1:      heliophobic_arrival_enchanted_forest, layout_loops_ring
D:2:      kennysheep_the_goblin_king, layout_loops_cross, minivault_27,
          uniq_robin

Skill      XL: |  1  2 |
---------------+-------+-----
Ranged Weapons | 3 |  3.4
Fighting       | 2 |  2.3
Dodging        | |  1.5
Spellcasting   | |  1.0
Hexes          | |  2.6

Action                     || total
---------------------------++-------
   Fire: Sling             ||    96
    Use: Scroll            ||     2
         Potion            ||     1
 Armour: Robe              ||    12
  Dodge: Dodged            ||    51

Table legend:
 A = Non-vault XP
 B = Vault XP
 C = Vault XP percentage of total XP
 D = Non-vault monster count
 E = Vault monster count
 F = Vault count percentage of total count
                 A         B        C        D         E       F
            +---------+---------+-------+---------+---------+-------
      Total |      63 |      10 |  13.7 |      23 |       6 |  20.7
            +---------+---------+-------+---------+---------+-------
        D:1 |      60 |       0 |   0.0 |      21 |       0 |   0.0
        D:2 |       3 |      10 |  76.9 |       2 |       6 |  75.0
            +---------+---------+-------+---------+---------+-------
